 Dungeon Crawl Stone Soup version 0.22.1-2-g9c5b331383 (webtiles) character file.

1326 Knicklaso the Changer (level 8, -4/66 HPs)
             Began as an Octopode Transmuter on Dec 6, 2018.
             Was an Initiate of Wu Jian.
             Slain by a gnoll
             ... wielding a +0 spear
              (8 damage)
             ... on level 7 of the Dungeon.
             The game lasted 00:13:47 (6834 turns).

Knicklaso the Changer (Octopode Transmuter)         Turns: 6834, Time: 00:13:47

Health: -4/66      AC:  6    Str:  9    XL:     8   Next: 60%
Magic:  4/11       EV: 11    Int: 18    God:    Wu Jian [......]
Gold:   304        SH:  0    Dex: 12    Spells: 6/11 levels left

rFire    x . .     SeeInvis .     - Unarmed
rCold    + + +     Gourm    .   (shield currently unavailable)
rNeg     . . .     Faith    .   (helmet currently unavailable)
rPois    +         Spirit   .   (no amulet)
rElec    .         Reflect  .   p - ring of stealth
rCorr    .         Harm     .   (no ring)
MR       .....                  (no ring)
Stlth    ++........             (no ring)
HPRegen  0.21/turn              (no ring)
MPRegen  0.12/turn              (no ring)
                                (no ring)
                                (no ring)

@: ice-form, very slightly contaminated
A: large, almost no armour, stealthy swim, amphibious, 8 rings, (constrict 8)
a: End Transformation, Renounce Religion


You were on level 7 of the Dungeon.
You worshipped Wu Jian.
Wu Jian was noncommittal.
You were not hungry.
You were a creature of crystalline ice.
You visited 2 branches of the dungeon, and saw 8 of its levels.

You collected 304 gold pieces.

Inventory:

Hand Weapons
 b - a +2 dagger of venom (melded)
Missiles
 a - 34 arrows
 d - 230 stones (quivered)
 n - 2 javelins of penetration
Armour
 m - a +1 hat (melded)
Jewellery
 p - a ring of stealth (left front paw)
Wands
 v - a wand of disintegration (15)
 x - a wand of random effects (30)
Scrolls
 f - 9 scrolls of identify {unknown}
 h - 5 scrolls of teleportation {unknown}
 i - a scroll of amnesia {unknown}
 j - a scroll of fog {unknown}
 k - 4 scrolls of enchant armour {unknown}
 o - 6 scrolls of remove curse {unknown}
 w - a scroll of immolation {unknown}
Potions
 e - 2 potions of curing
 g - a potion of lignification
 l - a potion of brilliance {unknown}
 r - a potion of resistance {unknown}
 s - a potion of haste {unknown}
 t - 2 potions of cancellation {unknown}
 u - a potion of might {unknown}
Comestibles
 c - 9 rations


   Skills:
 + Level 5.0 Fighting
 + Level 3.3 Dodging
 - Level 4.7 Unarmed Combat
 - Level 2.0 Spellcasting
 * Level 6.5 Transmutations
 - Level 4.0 Ice Magic


You had 6 spell levels left.
You knew the following spells:

 Your Spells              Type           Power        Failure   Level  Hunger
a - Beastly Appendage     Tmut           ####..       1%          1    #......
b - Ice Form              Ice/Tmut       ###.....     21%         4    #####..

Your spell library contained the following spells:

 Spells                   Type           Power        Failure   Level  Hunger
 Sticks to Snakes         Tmut           ####....     1%          2    ###....
 Spider Form              Tmut/Pois      ##........   14%         3    ###....
 Blade Hands              Tmut           ####......   34%         5    ######.


Dungeon Overview and Level Annotations

Branches:
Dungeon (7/15)             Temple (1/1) D:6

Altars:
Ashenzari
Cheibriados
Dithmenos
Elyvilon
Gozag
Hepliaklqana
Kikubaaqudgha
Makhleb
Nemelex Xobeh
Okawaru
Ru
Sif Muna
Uskayaw
Vehumet
Wu Jian
The Shining One
Lugonu

Annotations:
D:4 exclusion: statue


Innate Abilities, Weirdness & Mutations

You cannot wear most types of armour.
You are very stealthy in the water. (Stealth+)
You are amphibious.
You can wear up to eight rings at the same time.
((You can use your tentacles to constrict eight enemies at once.))
((Your skin changes colour to match your surroundings (Stealth+).))
((Your rubbery body absorbs attacks. (AC +1, EV +1)))


Message History

The gnoll sergeant barely misses you. The gnoll barely misses you.
You punch the gnoll sergeant! You freeze the gnoll sergeant.
The gnoll sergeant is severely wounded.
The gnoll sergeant hits you with a spear of flaming.
* * * LOW HITPOINT WARNING * * *
The gnoll sergeant melts you.
* * * LOW HITPOINT WARNING * * *
The gnoll hits you from afar with a spear.
* * * LOW HITPOINT WARNING * * *
You feel better.
The gnoll sergeant hits you with a spear of flaming!
* * * LOW HITPOINT WARNING * * *
The gnoll sergeant melts you.
* * * LOW HITPOINT WARNING * * *
The gnoll barely misses you.
You punch the gnoll sergeant! You freeze the gnoll sergeant.
You kill the gnoll sergeant!
The Council accepts your kill.
The gnoll hits you from afar with a spear!
You die...

.....
#..g..
#.....
....# ...
#g####
#.g)g#
.......##)#
.......#Y<#
.......####
.......
.......
.......
.......


You could see a gnoll.

Vanquished Creatures
  Sigmund (D:6)
  An ogre (D:5)
  3 phantoms
  Blork the orc (D:6)
  A gnoll sergeant (D:7)
  3 scorpions
  A howler monkey (D:5)
  A bullfrog zombie (D:6)
  An orc priest (D:4)
  A hound (D:5)
  A jelly (D:6)
  A centaur skeleton (D:5)
  A bullfrog skeleton (D:6)
  An iguana (D:5)
  An orc wizard (D:4)
  3 worker ants
  3 gnolls
  3 adders
  2 shadow imps
  An ooze (D:1)
  An adder skeleton (D:4)
  5 dart slugs
  4 worms
  3 leopard geckos
  14 orcs
  2 ball pythons (D:2)
  8 bats
  6 giant cockroaches
  11 hobgoblins
  5 jackals
  5 kobolds
  5 quokkas
  8 frilled lizards
  10 goblins
  3 hobgoblin zombies (D:6)
  A kobold skeleton (D:6)
  A kobold zombie (D:6)
  An orc skeleton (D:6)
  An orc zombie (D:6)
  A quokka skeleton (D:6)
  3 rats
129 creatures vanquished.

Vanquished Creatures (others)
  4 fungi (D:4)
4 creatures vanquished.

Grand Total: 133 creatures vanquished

Notes
Turn   | Place    | Note
-------+----------+-------------------------------------------
     0 | D:1      | Knicklaso the Octopode Transmuter began the quest for the
                  | Orb.
     0 | D:1      | Reached XP level 1. HP: 13/13 MP: 3/3
    86 | D:1      | Reached XP level 2. HP: 10/18 MP: 5/5
   457 | D:1      | Reached XP level 3. HP: 23/23 MP: 6/6
  1057 | D:2      | Reached XP level 4. HP: 22/29 MP: 7/7
  1152 | D:2      | Found a sacrificial altar of Ru.
  1560 | D:2      | Found a hazy altar of Hepliaklqana.
  2151 | D:3      | Found an iron altar of Okawaru.
  2305 | D:3      | Reached XP level 5. HP: 35/35 MP: 8/8
  2372 | D:3      | Learned a level 4 spell: Ice Form
  2420 | D:3      | Found a hide-covered altar of Uskayaw.
  2983 | D:4      | Reached skill level 1 in Ice Magic
  2983 | D:4      | Reached XP level 6. HP: 41/41 MP: 9/9
  2991 | D:4      | Found a radiant altar of Vehumet.
  3363 | D:4      | Reached skill level 3 in Transmutations
  4393 | D:5      | Entered Level 5 of the Dungeon
  4434 | D:5      | Found a burning altar of Makhleb.
  4497 | D:5      | Reached XP level 7. HP: 43/46 MP: 8/10
  4666 | D:5      | Reached skill level 4 in Transmutations
  5734 | D:6      | Reached skill level 5 in Transmutations
  5903 | D:6      | Found a shattered altar of Ashenzari.
  5919 | D:6      | Noticed Sigmund
  5926 | D:6      | Killed Sigmund
  5926 | D:6      | Reached XP level 8. HP: 54/54 MP: 6/11
  5990 | D:6      | Noticed Blork the orc
  5999 | D:6      | Killed Blork the orc
  6048 | D:6      | Found a glowing golden altar of the Shining One.
  6133 | D:6      | Found an opulent altar of Gozag.
  6172 | D:6      | Reached skill level 6 in Transmutations
  6252 | D:6      | Found a staircase to the Ecumenical Temple.
  6294 | D:6      | Found a snail-covered altar of Cheibriados.
  6727 | Temple   | Entered the Ecumenical Temple
  6775 | Temple   | Became a worshipper of the Wu Jian Council
  6820 | D:7      | Reached skill level 5 in Fighting
  6834 | D:7      | Slain by a gnoll

Skill      XL: |  1  2  3  4  5  6  7  8 |
---------------+-------------------------+-----
Unarmed Combat | 4 |  4.7
Fighting       | 2 3 4 5 |  5.0
Dodging        | 3 |  3.3
Ice Magic      | 1 2 3 4 |  4.0
Transmutations | 3 5 6 |  6.5
Spellcasting   | |  2.0

Action                   |  1- 3 |  4- 6 |  7- 9 || total
-------------------------+-------+-------+-------++-------
Melee: Unarmed           |    20 |       |    32 ||    52
       Constrict         |    14 |    47 |    25 ||    86
       Tentacles         |     8 |    22 |    27 ||    57
       Dagger            |    38 |   149 |   130 ||   317
       Punch             |       |     4 |     8 ||    12
       Kick              |       |     2 |    15 ||    17
 Cast: Beastly Appendage |       |     2 |     7 ||     9
       Ice Form          |       |       |     3 ||     3
  Use: Potion            |       |       |     7 ||     7
 Stab: Sleeping          |     7 |     8 |     5 ||    20
  Eat: Chunk             |       |    10 |     7 ||    17
       Ration            |       |       |     1 ||     1
Armor: Skin              |     6 |     7 |    21 ||    34
Dodge: Dodged            |    30 |    80 |    74 ||   184
